 Dungeon Crawl Stone Soup version 0.18-a0-1120-g03bd624 (webtiles) character file.

12639 tof the Blocker (level 12, -12/104 HPs)
             Began as a Formicid Fighter on Jan 17, 2016.
             Was a High Priest of Okawaru.
             Mangled by an alligator simulacrum (15 damage)
             ... in an ice cave.
             The game lasted 00:47:08 (11684 turns).

tof the Blocker (Formicid Fighter)                 Turns: 11684, Time: 00:47:08

Health: -12/104    AC: 12    Str: 29    XL:     12   Next: 22%
Magic:  12/12      EV: 11    Int:  7    God:    Okawaru [*****.]
Gold:   635        SH: 14    Dex: 12    Spells: 0 memorised, 11 levels left

rFire  . . .     SeeInvis +     l - +2 quarterstaff (drain)
rCold  . . .     Gourm    .     N - +4 ring mail {rPois}
rNeg   . . .     Faith    .     P - +0 shield
rPois  +         Spirit   .     (helmet unavailable)
rElec  .         Dismiss  .     (no cloak)
rCorr  .         Reflect  .     W - +0 pair of gloves {Str+3}
SustAt +         Harm     .     (no boots)
MR     +....                    u - amulet of regeneration
Stlth  +.........               y - +5 ring of strength
                                x - ring of sustain attributes

@: somewhat resistant to hostile enchantments, very unstealthy
A: permanent stasis, dig shafts and tunnels, four strong arms, antennae 3,
talons 1, blurry vision 1, clumsy 1, dopey 1, robust 1, screaming 1
a: Dig, Shaft Self, Heroism, Finesse, Renounce Religion


You were in an ice cave.
You worshipped Okawaru.
Okawaru was extremely pleased with you.
You were not hungry.

You visited 3 branches of the dungeon, and saw 14 of its levels.
You also visited: Ossuary and Ice Cave.

You collected 635 gold pieces.

Inventory:

Hand Weapons
 a - a +1 quarterstaff
 l - a +2 quarterstaff of draining (weapon)
Missiles
 n - 4 javelins of penetration (quivered)
Armour
 F - a +1 pair of gloves
 K - the +2 ring mail of the Many Hells {MR+ Int+4}
   (You found it on level 10 of the Dungeon)

   It affects your intelligence (+4).
   It affects your resistance to hostile enchantments.
 N - a +4 ring mail of poison resistance (worn)
 P - a +0 shield (worn)
 Q - a +0 troll leather armour
 W - a +0 pair of gloves of strength (worn)
Jewellery
 u - an amulet of regeneration (around neck)
 x - a ring of sustain attributes (left hand)
 y - a +5 ring of strength (right hand)
Wands
 E - a wand of draining (2/15)
 H - a wand of slowing (21/48)
 O - a wand of confusion (23/48)
 R - a wand of lightning (4/15)
 T - a wand of cold (9/15)
 U - a wand of random effects (29/48)
Scrolls
 b - a scroll of fog {unknown}
 c - a scroll of amnesia {unknown}
 i - 7 scrolls of identify
 m - 4 scrolls of remove curse
 q - a scroll of recharging {unknown}
 r - a scroll of blinking
 v - 2 scrolls of random uselessness
 B - a scroll of immolation {unknown}
 D - 2 scrolls of magic mapping
 J - 3 scrolls of fear
 L - a scroll of summoning {unknown}
 V - a scroll of noise {unknown}
Potions
 d - a potion of might
 e - 3 potions of heal wounds
 g - a potion of agility {unknown}
 h - a potion of resistance {unknown}
 k - 7 potions of curing
 o - 4 potions of flight {unknown}
 p - 2 potions of brilliance {unknown}
 s - 2 potions of magic {unknown}
 t - a potion of invisibility {unknown}
 z - 6 potions of lignification {unknown}
 C - 2 potions of poison {unknown}
 G - 4 potions of haste {unknown}
 I - 2 potions of cure mutation {unknown}
 M - 2 potions of mutation {unknown}
Comestibles
 f - 5 bread rations
 j - a chunk of flesh
 w - 3 meat rations
 A - 8 slices of pizza
 S - a royal jelly


   Skills:
 + Level 9.2 Fighting
 * Level 11.0 Staves
 + Level 9.1 Armour
 - Level 0.3 Dodging
 * Level 13.0 Shields


You had 11 spell levels left.
You didn't know any spells.

Dungeon Overview and Level Annotations

Branches:
Dungeon (11/15)            Temple (1/1) D:4            Lair (2/8) D:10
    Orc (0/2) D:10

Altars:
Ashenzari
Cheibriados
Dithmenos
Elyvilon
Fedhas
Gozag
Kikubaaqudgha
Makhleb
Nemelex Xobeh
Okawaru
Pakellas
Qazlal
Ru
Sif Muna
Trog
Vehumet
Xom
Yredelemnul
Zin

Shops:
D:5 [   D:6 %   D:9 (

Annotations:
D:5 Eustachio
D:6 exclusion: oklob plant


Innate Abilities, Weirdness & Mutations

You are under a permanent stasis effect.
You can dig through walls and to a lower floor.
Your four strong arms can wield two-handed weapons with a shield.
You have a pair of large antennae on your head (SInv).
You have sharp toenails.
Scrolls take you a little longer to read.
You are clumsy. (Dex -2)
You are dopey. (Int -2)
You are robust (+10% HP).
You occasionally shout uncontrollably at your foes.


Message History

You block the alligator simulacrum's attack. x2
The death yak simulacrum gores you. The death yak simulacrum freezes you!!
You hit the alligator simulacrum but do no damage.
Your kick misses the alligator simulacrum.
You bludgeon the alligator simulacrum!!
You claw the alligator simulacrum, but do no damage.
The alligator simulacrum completely misses you.
You block the alligator simulacrum's attack.
The death yak simulacrum gores you! The death yak simulacrum freezes you!!
The polar bear simulacrum bites you.
* * * LOW HITPOINT WARNING * * *
The polar bear simulacrum freezes you!
* * * LOW HITPOINT WARNING * * *
The polar bear simulacrum completely misses you.
The polar bear simulacrum barely misses you.
You block the death yak simulacrum's attack.
The alligator simulacrum bites you!
* * * LOW HITPOINT WARNING * * *
The alligator simulacrum freezes you!
You die...

##..
##...
#...#
...##
#...#
##...##
##.ZZZ.##
#...∩Z..#
#...@...#
##..∩..##
##...##
#####


You could see an alligator simulacrum, 2 death yak simulacra and a polar bear
simulacrum.

Vanquished Creatures
  A hydra (D:10)
  Pikel (D:9)
  3 hill giants
  Psyche (D:10)
  A centaur zombie (D:10)
  A gargoyle (D:10)
  3 komodo dragons
  A troll (D:10)
  3 blink frogs (Lair:2)
  2 wyverns
  2 wraiths (D:10)
  A hog (D:8)
  A yak (D:8)
  3 hippogriffs
  A human (D:8)
  A hungry ghost (D:10)
  2 steam dragons
  A mottled dragon (D:10)
  Menkaure (Ossuary)
  2 insubstantial wisps (D:10)
  A water moccasin (Lair:1)
  3 porcupines
  3 ice beasts
  2 orc warriors
  4 sky beasts
  2 necrophages
  A phantom (D:4)
  5 centaurs
  2 ogres
  3 crocodiles
  A big kobold (D:8)
  7 giant frogs
  A gnoll sergeant (D:7)
  A scorpion (D:10)
  11 killer bees
  8 wights
  7 crimson imps
  7 hounds
  8 jellies
  A quasit (D:9)
  A centaur skeleton (D:9)
  4 iguanas
  4 orc wizards
  13 worker ants
  2 sheep (D:8)
  A hound skeleton (D:9)
  4 mummies
  15 adders
  4 gnolls (D:7)
  5 river rats (Lair:1)
  12 white imps (Lair:2)
  9 oozes
  3 adder skeletons
  2 adder zombies
  4 worms
  8 giant geckos
  18 orcs
  6 bats
  6 giant cockroaches
  4 gnoll zombies (Ossuary)
  8 goblins
  10 hobgoblins
  5 jackals
  3 quokkas
  10 giant newts
  4 gnoll skeletons (Ossuary)
  A goblin skeleton (Ossuary)
  4 goblin zombies
  2 hobgoblin skeletons (Ossuary)
  2 hobgoblin zombies (Ossuary)
  12 kobolds
  2 kobold skeletons (Ossuary)
  2 kobold zombies (Ossuary)
  2 orc skeletons (Ossuary)
  2 orc zombies
  A quokka zombie (D:6)
  8 rats
  3 rat skeletons (Ossuary)
  2 rat zombies (Ossuary)
318 creatures vanquished.

Vanquished Creatures (others)
  A slave (D:9)
  An iguana (D:9)
  A lightning spire (D:3)
  2 orcs (D:9)
  3 gnoll skeletons (Ossuary)
  A gnoll zombie (Ossuary)
  5 goblin skeletons (Ossuary)
  2 hobgoblin zombies (Ossuary)
  4 kobold zombies (Ossuary)
  An orc zombie (Ossuary)
  3 rat skeletons (Ossuary)
  3 rat zombies (Ossuary)
  A bush (D:3)
  6 fungi (D:6)
34 creatures vanquished.

Grand Total: 352 creatures vanquished

Notes
Turn   | Place    | Note
--------------------------------------------------------------
     0 | D:1      | tof the Formicid Fighter began the quest for the Orb.
     0 | D:1      | Reached XP level 1. HP: 18/18 MP: 1/1
   140 | D:1      | Reached XP level 2. HP: 24/24 MP: 2/2
   497 | D:1      | Reached XP level 3. HP: 29/29 MP: 3/3
  1044 | D:2      | Found a shadowy altar of Dithmenos.
  1101 | D:2      | Reached skill level 4 in Shields
  1210 | D:2      | Reached XP level 4. HP: 37/37 MP: 4/4
  1748 | D:2      | Found a shimmering altar of Xom.
  1748 | D:2      | Found a shimmering altar of Xom.
  1750 | D:2      | Found a shimmering altar of Xom.
  1750 | D:2      | Found a shimmering altar of Xom.
  1751 | D:2      | Found a shimmering altar of Xom.
  1751 | D:2      | Found a shimmering altar of Xom.
  2145 | D:3      | Reached XP level 5. HP: 34/42 MP: 5/5
  2599 | D:3      | Found an oddly glowing altar of Pakellas.
  2600 | D:3      | Noticed a sphinx
  2745 | D:4      | Found an ancient bone altar of Kikubaaqudgha.
  2760 | D:4      | Noticed a phantom
  2774 | D:4      | Found a staircase to the Ecumenical Temple.
  2788 | Temple   | Entered the Ecumenical Temple
  2894 | D:4      | Killed a phantom
  2894 | D:4      | Reached skill level 5 in Shields
  2894 | D:4      | Reached XP level 6. HP: 48/48 MP: 6/6
  2919 | D:4      | Noticed a moth of wrath
  3066 | D:4      | Found a bloodstained altar of Trog.
  3268 | D:4      | Found a stormy altar of Qazlal.
  3386 | D:4      | Noticed an ogre
  3387 | D:4      | Noticed an ice beast
  3405 | D:4      | Reached XP level 7. HP: 50/55 MP: 7/7
  3420 | D:4      | Reached skill level 6 in Shields
  3622 | D:4      | Found a shadowy altar of Dithmenos.
  3638 | D:5      | Entered Level 5 of the Dungeon
  3870 | D:5      | Reached skill level 5 in Staves
  3870 | D:5      | Reached skill level 5 in Armour
  4035 | D:5      | Found an opulent altar of Gozag.
  4036 | D:5      | Found a sparkling altar of Nemelex Xobeh.
  4082 | D:5      | Reached XP level 8. HP: 61/61 MP: 8/8
  4144 | D:5      | Reached skill level 5 in Fighting
  4199 | D:5      | Found Pyrhic's Antique Armour Shoppe.
  4235 | D:5      | Noticed Eustachio
  4463 | D:6      | Reached skill level 7 in Shields
  4515 | D:6      | Gained mutation: You are clumsy. (Dex -2) [mutagenic meat]
  4516 | D:6      | Gained mutation: Your spells are a little harder to cast, but a little more powerful. [mutagenic meat]
  4517 | D:6      | Lost mutation: Your spells are a little harder to cast, but a little more powerful. [mutagenic meat]
  4518 | D:6      | Gained mutation: You occasionally shout uncontrollably at your foes. [mutagenic meat]
  4519 | D:6      | Gained mutation: You are robust (+10% HP). [mutagenic meat]
  4520 | D:6      | Gained mutation: You have sharp toenails. [mutagenic meat]
  4541 | D:6      | Found an iron altar of Okawaru.
  4573 | D:6      | Became a worshipper of Warmaster Okawaru
  4761 | D:6      | Found Naroih's Food Shop.
  4917 | D:6      | Found a radiant altar of Vehumet.
  4968 | D:6      | Noticed an oklob plant
  5136 | D:7      | Reached * piety under Okawaru
  5136 | D:7      | Reached XP level 9. HP: 65/75 MP: 9/9
  5169 | D:7      | Reached skill level 8 in Shields
  5573 | D:7      | Found a sparkling altar of Nemelex Xobeh.
  5875 | D:8      | Found a sand-covered staircase.
  5882 | Ossuary  | Entered an ossuary
  6231 | Ossuary  | Noticed Menkaure
  6235 | Ossuary  | Killed Menkaure
  6396 | D:8      | Found a burning altar of Makhleb.
  6471 | D:8      | Reached ** piety under Okawaru
  6475 | D:8      | Gained mutation: You have an increased reservoir of magic (+10% MP). [mutagenic meat]
  6476 | D:8      | Lost mutation: You have an increased reservoir of magic (+10% MP). [mutagenic meat]
  6477 | D:8      | Gained mutation: You are dopey. (Int -2) [mutagenic meat]
  6558 | D:8      | Found a sacrificial altar of Ru.
  6698 | D:8      | Reached skill level 9 in Shields
  6830 | D:8      | Reached XP level 10. HP: 43/84 MP: 10/10
  7096 | D:8      | Reached *** piety under Okawaru
  7666 | D:9      | Found a sacrificial altar of Ru.
  7674 | D:9      | Reached skill level 10 in Shields
  7688 | D:9      | Found a basalt altar of Yredelemnul.
  7830 | D:9      | Found Ipnunec's Weapon Shoppe.
  7868 | D:9      | Noticed Pikel
  7889 | D:9      | Killed Pikel
  8091 | D:9      | Reached **** piety under Okawaru
  8384 | D:10     | Entered Level 10 of the Dungeon
  8483 | D:9      | Gained mutation: Scrolls take you a little longer to read. [mutagenic meat]
  8667 | D:9      | Reached skill level 11 in Shields
  8744 | D:10     | Found a staircase to the Orcish Mines.
  8842 | D:10     | Reached XP level 11. HP: 89/94 MP: 11/11
  8991 | D:10     | Noticed a hill giant
  9080 | D:10     | Killed a hill giant
  9080 | D:10     | Reached ***** piety under Okawaru
  9283 | D:10     | Noticed Psyche
  9286 | D:10     | Noticed a hill giant
  9301 | D:10     | Killed Psyche
  9316 | D:10     | Killed a hill giant
  9436 | D:10     | Received a gift from Okawaru
  9436 | D:10     | Reached skill level 10 in Staves
  9444 | D:9      | Reached skill level 12 in Shields
  9730 | D:10     | Noticed a hill giant
  9780 | D:9      | Killed a hill giant
  9780 | D:9      | Received a gift from Okawaru
 10165 | D:10     | Got a shimmering ring mail
 10168 | D:10     | Identified the +2 ring mail of the Many Hells {MR+ Int+4} (You found it on level 10 of the Dungeon)
 10171 | D:10     | Found a staircase to the Lair.
 10284 | D:11     | Noticed a death knight
 10289 | D:11     | Noticed a hill giant
 10327 | D:10     | HP: 2/95 [hippogriff (6)]
 10576 | Lair:1   | Entered Level 1 of the Lair of Beasts
 10717 | Lair:1   | Noticed a four-headed hydra
 10779 | D:10     | Killed a four-headed hydra
 10779 | D:10     | Reached XP level 12. HP: 68/104 MP: 12/12
 11521 | Lair:2   | Received a gift from Okawaru
 11536 | Lair:2   | Reached skill level 13 in Shields
 11657 | Lair:2   | Found a frozen archway.
 11672 | IceCv    | Entered an ice cave
 11684 | IceCv    | HP: 3/104 [alligator simulacrum (13)]
 11684 | IceCv    | Mangled by an alligator simulacrum

Vault maps used:
D:1:      dpeg_arrival_castle
D:2:      mumra_celtic_spiral_tile, xom_redecorated, first_bread,
          grunt_dithmenos_smoke_and_mirrors
D:3:      gammafunk_pakellas_spire_experiment
D:4:      tgw_trog, kennysheep_mini, nicolae_overflow_hidden_temple,
          lemuel_round_altar, temple_statues
D:5:      grunt_temple_overflow_opulence, serial_shops, shop,
          kennysheep_doodads, minmay_strange_pillars, uniq_eustachio
D:6:      lemuel_slime, okawaru_gym_becter, tso_altar, kennysheep_mini_moat,
          serial_shops, shop
D:7:      nemelex_diamond_rough_becter
D:8:      lemuel_doored_altar, nicolae_ossuary_entry_giza, grunt_livestock,
          st_stairs_4, minmay_item_behind_shaft,
          nicolae_ru_great_annihilating_truth
D:9:      yredelemnul_altar_generic, overflow_temple_1_default, serial_shops,
          shop, grunt_ministairs_3, uniq_pikel
D:10:     erik_lair_dragon, orc_0_dummy, hangedman_misty_isle, uniq_psyche
D:11:     lightli_corner_chamber
Temple:   nicolae_temple_hex_pool
Lair:1:   bh_autumn_forest_stairs
Lair:2:   portal_ice_cave_entry_imps, hangedman_lair_generics_rect,
          grunt_megastairs_4, serial_bayou_shore_b, lemuel_fruit_fields
Ossuary:  ossuary_due_pyramid
IceCv:    ice_cave_small_necro

Action                   |  1- 3 |  4- 6 |  7- 9 | 10-12 || total
-------------------------+-------+-------+-------+-------++-------
Melee: Quarterstaff      |   101 |   236 |   473 |   674 ||  1484
Invok: Heroism           |       |       |       |     2 ||     2
       Finesse           |       |       |       |     2 ||     2
 Abil: Dig               |       |       |     1 |     2 ||     3
  Use: Scroll            |       |       |     8 |     9 ||    17
       Potion            |       |       |       |     5 ||     5
 Stab: Paralysed         |       |       |     1 |       ||     1
  Eat: Chunk             |     1 |     7 |    19 |    16 ||    43
       Fruit             |       |       |     2 |       ||     2
       Beef jerky        |       |       |     1 |     1 ||     2
